 Dungeon Crawl Stone Soup version 0.29.1 (webtiles) character file.

Game seed: 4147320178561255332

4335 QueenGhuleh the Spear-Bearer (level 10, -3/135 HPs)
             Began as a Minotaur Berserker on Sept 12, 2022.
             Was an Elder of Trog.
             Slain by a two-headed ogre
             ... wielding a +0 giant club
              (18 damage)
             ... on level 8 of the Dungeon.
             The game lasted 00:15:58 (5755 turns).

QueenGhuleh the Spear-Bearer (Minotaur Berserker)   Turns: 5755, Time: 00:15:59

Health: -3/135     AC: 13    Str: 27    XL:     10   Next: 12%
Magic:  9/9        EV:  8    Int:  4    God:    Trog [****..]
Gold:   332        SH:  0    Dex:  9    Spells: 9/9 levels left

rFire   . . .      SeeInvis .   p - +0 scythe
rCold   . . .      Faith    .   (shield currently unavailable)
rNeg    . . .      Spirit   .   e - +0 plate armour
rPois   .          Reflect  .   (helmet restricted)
rElec   .          Harm     .   (no cloak)
rCorr   .          Rampage  .   (no gloves)
Will    .....                   (no boots)
Stlth   ..........              m - amulet of regeneration
HPRegen 1.12/turn               (no ring)
MPRegen 0.11/turn               (no ring)

@: berserking, very quick
A: horns 2, retaliatory headbutt
a: Renounce Religion, Berserk, Trog's Hand, Brothers in Arms


You were on level 8 of the Dungeon.
You worshipped Trog.
Trog was greatly pleased with you.
You visited 1 branch of the dungeon, and saw 8 of its levels.

You collected 332 gold pieces.

Inventory:

Hand Weapons
 p - a +0 scythe (weapon)
 D - a +5 war axe
Missiles
 E - 2 throwing nets (quivered)
Armour
 e - a +0 plate armour (worn)
Jewellery
 m - an amulet of regeneration (around neck)
 r - an amulet of faith
 w - a ring of positive energy
Wands
 z - a wand of polymorph (15)
 A - a wand of flame (26)
Scrolls
 b - 4 scrolls of teleportation {unknown}
 g - 11 scrolls of identify {unknown}
 h - 2 scrolls of magic mapping {unknown}
 j - 2 scrolls of torment {unknown}
 o - 3 scrolls of brand weapon {unknown}
 q - a scroll of enchant weapon {unknown}
 s - 2 scrolls of blinking {unknown}
 t - a scroll of noise {unknown}
 u - 2 scrolls of summoning {unknown}
 v - 2 scrolls of immolation {unknown}
 y - a scroll of vulnerability {unknown}
 C - a scroll of amnesia {unknown}
Potions
 a - 2 potions of degeneration {unknown}
 c - 3 potions of attraction {unknown}
 d - a potion of haste {unknown}
 f - a potion of brilliance {unknown}
 i - 4 potions of heal wounds
 k - a potion of resistance {unknown}
 l - 7 potions of curing {unknown}
 n - a potion of ambrosia {unknown}
 x - 3 potions of might {unknown}
 B - 2 potions of flight {unknown}


   Skills:
 + Level 8.9 Fighting
 + Level 6.1(10.0) Axes
 + Level 12.2(12.8) Polearms
 + Level 8.0 Armour
 + Level 3.3 Dodging
 + Level 0.6 Stealth


You had 9 spell levels left.
You didn't know any spells.
Your spell library was empty.

Dungeon Overview and Level Annotations

Branches:
Dungeon (8/15)             Temple (0/1) D:4
   Lair: D:8-11

Altars:
Dithmenos
Nemelex Xobeh
Okawaru
Xom
The Shining One


Innate Abilities, Weirdness & Mutations

You have a pair of horns on your head.
You reflexively headbutt those who attack you in melee.


Message History

You see here a swamp worm corpse.
You enter the shallow water.
Moving in this stuff is going to be slow.
You now have 332 gold pieces (gained 15).
A two-headed ogre comes into view. It is wielding two +0 giant clubs.
The two-headed ogre shouts in stereo!
You reach to attack!
You slash the two-headed ogre!
The two-headed ogre is moderately wounded.
You hit the two-headed ogre but do no damage.
The two-headed ogre is moderately wounded.
The two-headed ogre closely misses you.
The two-headed ogre hits you with a +0 giant club!
You puncture the two-headed ogre!
The two-headed ogre is heavily wounded.
You slash the two-headed ogre!
Your headbutt misses the two-headed ogre.
The two-headed ogre is heavily wounded.
The two-headed ogre closely misses you. The two-headed ogre barely misses you.
You hit the two-headed ogre but do no damage.
You headbutt the two-headed ogre!
The two-headed ogre is severely wounded.
You hit the two-headed ogre but do no damage.
The two-headed ogre is severely wounded.
The two-headed ogre hits you with a +0 giant club!!
The two-headed ogre closely misses you.
You hit the two-headed ogre.
The two-headed ogre is severely wounded.
The two-headed ogre hits you with a +0 giant club!!
The two-headed ogre hits you with a +0 giant club!
* * * LOW HITPOINT WARNING * * *
You are too injured to fight recklessly!
A red film seems to cover your vision as you go berserk!
You feel yourself moving faster!
You feel mighty!
You barely miss the two-headed ogre.
Your headbutt misses the two-headed ogre.
The two-headed ogre is severely wounded.
The two-headed ogre hits you with a +0 giant club!
* * * LOW HITPOINT WARNING * * *
The two-headed ogre hits you with a +0 giant club!!
You die...

#..# #.. .# # #..
#.# .# #.... ...
.# .#.### #.# .#
.... #.#
.########.######.#
.#........#....#O#
.#.####........#@#
†#.####.###....#.#
~~~~~##..........#
~≈~≈~~.........###
~###~~~~######.#
## ##≈~~# #.# ~
##≈~. #.# w #~~#
#.# ~. #.#


You could see a two-headed ogre.

Vanquished Creatures
  Pikel (D:7)
  Maggie (D:7)
  A hornet (D:7)
  Grinder (D:4)
  Prince Ribbit (D:7)
  Sigmund (D:3)
  Eustachio (D:6)
  2 swamp worms (D:8)
  A water moccasin (D:5)
  Duvessa (D:4)
  An orc warrior (D:7)
  3 ice beasts
  A sky beast (D:7)
  3 ogres
  A centaur (D:8)
  2 phantoms
  A kobold brigand (D:6)
  3 necrophages
  2 bullfrogs
  A scorpion (D:6)
  A gnoll sergeant (D:7)
  4 wights (D:7)
  Dowan (D:4)
  2 howler monkeys (D:7)
  2 jellies
  3 orc priests
  An iguana (D:7)
  3 orc wizards
  6 gnolls
  7 adders
  3 white imps
  2 ufetubi (D:6)
  An adder skeleton (D:2)
  An adder zombie (D:2)
  4 worms
  2 dart slugs
  14 orcs
  A bat (D:2)
  A bat zombie (D:2)
  10 endoplasms
  2 giant cockroaches
  12 goblins
  4 hobgoblins
  4 jackals (D:2)
  3 quokkas
  10 ball pythons
  2 ball python skeletons (D:2)
  A ball python zombie (D:2)
  3 frilled lizards (D:1)
  A goblin zombie (D:7)
  8 kobolds
  A quokka zombie (D:7)
  4 rats
153 creatures vanquished.

Vanquished Creatures (others)
  4 plants (D:8)
  21 withered plants (D:2)
25 creatures vanquished.

Grand Total: 178 creatures vanquished

Notes
Turn   | Place    | Note
-------+----------+-------------------------------------------
     0 | D:1      | QueenGhuleh the Minotaur Berserker began the quest for the
                  | Orb.
     0 | D:1      | Reached XP level 1. HP: 19/19 MP: 0/0
   433 | D:1      | Reached XP level 2. HP: 22/27 MP: 1/1
  1300 | D:2      | Reached XP level 3. HP: 21/33 MP: 2/2
  1547 | D:2      | Reached ** piety under Trog
  1778 | D:2      | Found a shimmering altar of Xom.
  1899 | D:2      | Reached XP level 4. HP: 40/40 MP: 3/3
  1946 | D:2      | Found the +4 dagger "Morg" {pain, Will+ Int+5}
  2005 | D:3      | Noticed Sigmund
  2010 | D:3      | Killed Sigmund
  2011 | D:3      | Reached skill level 5 in Axes
  2011 | D:3      | Reached XP level 5. HP: 47/47 MP: 4/4
  2169 | D:3      | Found a faded altar of an unknown god.
  2274 | D:3      | Reached skill level 5 in Fighting
  2274 | D:3      | Reached XP level 6. HP: 37/56 MP: 5/5
  2700 | D:4      | Reached skill level 1 in Polearms
  2737 | D:4      | Reached *** piety under Trog
  2759 | D:4      | Noticed Dowan
  2760 | D:4      | Found a staircase to the Ecumenical Temple.
  2760 | D:4      | Noticed Duvessa
  2762 | D:4      | Reached skill level 2 in Polearms
  2768 | D:4      | Killed Duvessa
  2769 | D:4      | Reached skill level 3 in Polearms
  2774 | D:4      | HP: 4/84 [Dowan/stone arrow (5)]
  2775 | D:4      | Killed Dowan
  2779 | D:4      | HP: 2/56 [poisoned by Duvessa]
  2978 | D:4      | Noticed Grinder
  2992 | D:4      | Reached skill level 4 in Polearms
  2992 | D:4      | Reached XP level 7. HP: 49/61 MP: 6/6
  2992 | D:4      | Found an iron altar of Okawaru.
  2996 | D:4      | Killed Grinder
  2997 | D:4      | Reached skill level 5 in Polearms
  3003 | D:4      | Found a glowing golden altar of the Shining One.
  3011 | D:4      | Identified the +12 spear of the Burning Gods {vamp, rN+
                  | Int+6}
  3018 | D:4      | Found a shadowy altar of Dithmenos.
  3066 | D:5      | Entered Level 5 of the Dungeon
  3146 | D:5      | Identified the +5 dagger "Sugenk" {freeze, Int+4 Dex+4}
  3211 | D:5      | Reached skill level 6 in Polearms
  3211 | D:5      | Reached skill level 5 in Armour
  3307 | D:5      | Found a sparkling altar of Nemelex Xobeh.
  3393 | D:5      | Reached XP level 8. HP: 70/70 MP: 7/7
  3462 | D:5      | Reached skill level 7 in Polearms
  3802 | D:6      | Reached skill level 8 in Polearms
  3955 | D:6      | Noticed Eustachio
  4002 | D:6      | Killed Eustachio
  4222 | D:7      | Noticed Pikel
  4239 | D:7      | Killed Pikel
  4240 | D:7      | Reached skill level 9 in Polearms
  4240 | D:7      | Reached XP level 9. HP: 58/79 MP: 8/8
  4460 | D:7      | Reached skill level 10 in Polearms
  4479 | D:7      | Found a flagged portal.
  4684 | D:7      | Reached **** piety under Trog
  4723 | D:7      | Noticed Maggie
  4739 | D:7      | Killed Maggie
  4787 | D:7      | Reached skill level 11 in Polearms
  4890 | D:7      | Found a sand-covered staircase.
  5337 | D:7      | Noticed Prince Ribbit
  5344 | D:7      | Killed Prince Ribbit
  5345 | D:7      | Reached XP level 10. HP: 84/90 MP: 9/9
  5385 | D:8      | Reached skill level 12 in Polearms
  5744 | D:8      | Noticed a two-headed ogre
  5755 | D:8      | Slain by a two-headed ogre

Illustrated notes

Levels and vault maps discovered:
D:1:      minmay_arrival_shoal_huts, layout_loops_corners
D:2:      layout_rooms, basic_altar, st_stairs_7, dilly_guarded_unrand_morg,
          uniq_natasha
D:3:      layout_loops_ring, shapermc_ecumenical_altar_notcrosses, uniq_sigmund
D:4:      layout_basic, minmay_overflow_temple_star_quad,
          minmay_temple_entry_stoned_glass, uniq_grinder, uniq_duvessa
D:5:      layout_cave_pools, mainiacjoe_overflow_tiny_flanked,
          grunt_decor_fettered, due_unseen_surprise
D:6:      layout_loops_ring, uniq_eustachio
D:7:      minmay_skewed_foursquare, layout_loops_ring, enter_ossuary_4,
          enter_bailey_3, grunt_tough_drop, uniq_pikel, uniq_maggie,
          uniq_prince_ribbit1
D:8:      layout_basic, minmay_crystal_room, worms_lemuel

Skill      XL: |  1  2  3  4  5  6  7  8  9 10 |
---------------+-------------------------------+-----
Fighting       | 4 5 6 7 8 |  8.9
Axes           | 4 5 6 |  6.1
Armour         | 3 4 5 6 7 8 |  8.0
Dodging        | 3 |  3.3
Polearms       | 4 6 9 11 12 | 12.2
Stealth        | |  0.6

Action                   |  1- 3 |  4- 6 |  7- 9 | 10-12 || total
-------------------------+-------+-------+-------+-------++-------
Melee: Hand axe          |    84 |    13 |       |       ||    97
       Headbutt          |    14 |    13 |    41 |     5 ||    73
       Halberd           |       |    73 |   299 |    36 ||   408
Invok: Berserk           |       |     3 |     1 |     1 ||     5
Armor: Animal skin       |     2 |       |       |       ||     2
       Plate armour      |    33 |    32 |   171 |    22 ||   258
Dodge: Dodged            |    43 |    26 |   102 |    15 ||   186
